 Dungeon Crawl Stone Soup version 0.17.0-28-g6e173f8 (webtiles) character file.

78 dohliylev the Covert (level 4, -1/33 HPs)
             Began as a Vampire Assassin on Dec 1, 2015.
             Slain by septik's ghost (12 damage)
             ... on level 3 of the Dungeon.
             The game lasted 00:06:26 (1333 turns).

dohliylev the Covert (Vampire Assassin)             Turns: 1333, Time: 00:06:26

Health: -1/33      AC:  4    Str: 10    XL:     4   Next: 15%
Magic:  4/4        EV: 12    Int: 13    God:
Gold:   59         SH:  0    Dex: 16    Spells: 0 memorised, 3 levels left

rFire  . . .     SeeInvis +     a - +2 dagger
rCold  . . .     Clarity  .     c - +0 robe
rNeg   + . .     SustAt   .     (no shield)
rPois  .         Gourm    .     (no helmet)
rElec  .         Spirit   .     d - +0 cloak
rCorr  .         Warding  .     (no gloves)
rMut   .         Stasis   .     s - +0 pair of boots
MR     .....                    (no amulet)
Stlth  ++++......               (no ring)
                                k - ring of positive energy

@: regenerating very quickly, not resistant to hostile enchantments, stealthy
A: fangs 3, see invisible, unbreathing
a: no special abilities


You were on level 3 of the Dungeon.
You were almost alive.

You visited 1 branch of the dungeon, and saw 3 of its levels.

You collected 59 gold pieces.

Inventory:

Hand Weapons
 a - a +2 dagger (weapon)
 b - a +0 blowgun
Missiles
 e - 8 poisoned needles
 f - a curare-tipped needle
Armour
 c - a +0 robe (worn)
 d - a +0 cloak (worn)
 s - a +0 pair of boots (worn)
Jewellery
 k - a ring of positive energy (left hand)
Scrolls
 i - 2 scrolls of identify
 j - 2 scrolls of fear
 l - a scroll of remove curse {unknown}
 n - a scroll of teleportation {unknown}
 p - a scroll of magic mapping {unknown}
Potions
 g - 3 potions of ambrosia {unknown}
 h - a potion of beneficial mutation {unknown}
 m - 2 potions of heal wounds
 q - 2 potions of invisibility {unknown}
 r - 2 potions of brilliance {unknown}


   Skills:
 * Level 1.9 Fighting
 + Level 2.4 Short Blades
 + Level 1.7 Throwing
 + Level 1.4 Dodging
 + Level 8.1 Stealth


You had 3 spell levels left.
You didn't know any spells.

Dungeon Overview and Level Annotations

Branches:
Dungeon (3/15)

Altars:

Annotations:
D:3 septik's ghost, amateur HOFi


Innate Abilities, Weirdness & Mutations

Your natural rate of healing is extremely fast.
You have razor-sharp teeth.
You have supernaturally acute eyesight.
You can survive without breathing.


Message History

You hit the kobold but do no damage. The kobold hits you but does no damage.
You barely miss the kobold. Your bite misses the kobold.
The kobold barely misses you.
You hit the kobold.
You kill the kobold!
Drink which item? (? for menu, Esc to quit)
Yummy - fresh blood!
Septik's ghost hits you!
You barely miss septik's ghost.
You bite septik's ghost, but do no damage.
Septik's ghost hits you.
You hit septik's ghost but do no damage.
Septik's ghost misses you.
You hit septik's ghost.
Septik's ghost is lightly damaged.
Septik's ghost hits you.
You hit septik's ghost but do no damage.
You bite septik's ghost, but do no damage.
Septik's ghost is lightly damaged.
Septik's ghost hits you!
You die...

### ##### #.. ..<# #.#
###.### #.# #.....# #.#
###.#.#.##### #@#
#)...........
######W####.#%#.#.###..
#...........#.....# #..
#.......###.#.#†### #..
#.................###..
.........#####......^...
...>..#...%......#.####.
####..########.##...###.
#.. #....#.....


You could see septik's ghost.

Vanquished Creatures
  An iguana (D:3)
  An adder (D:2)
  2 worms (D:2)
  4 giant cockroaches
  4 hobgoblins (D:2)
  2 quokkas
  6 bats
  2 giant geckos
  2 giant newts (D:2)
  5 goblins
  5 kobolds
  4 rats
38 creatures vanquished.

Notes
Turn   | Place    | Note
--------------------------------------------------------------
     0 | D:1      | dohliylev the Vampire Assassin began the quest for the Orb.
     0 | D:1      | Reached XP level 1. HP: 16/16 MP: 1/1
     9 | D:1      | Reached skill level 6 in Stealth
   247 | D:1      | Reached XP level 2. HP: 22/22 MP: 2/2
   613 | D:2      | Reached skill level 7 in Stealth
   751 | D:2      | Reached XP level 3. HP: 27/27 MP: 3/3
  1267 | D:3      | Reached skill level 8 in Stealth
  1267 | D:3      | Reached XP level 4. HP: 33/33 MP: 4/4
  1310 | D:3      | Noticed septik's ghost (amateur HOFi)
  1333 | D:3      | Slain by septik's ghost

Action                   |  1- 3 |  4- 6 || total
-------------------------+-------+-------++-------
Melee: Dagger            |    83 |    11 ||    94
 Fire: Blowgun           |    14 |       ||    14
  Use: Potion            |     2 |     8 ||    10
       Scroll            |     2 |       ||     2
 Stab: Sleeping          |    17 |     2 ||    19
